 Dungeon Crawl Stone Soup version 0.28-a0-565-g7719699fd9 (webtiles) character file.

Game seed: 5782346774185237645

816 Drevant2 the Covert (level 7, -1/49 HPs)
             Began as a Vampire Brigand on Sept 30, 2021.
             Was a Follower of Okawaru.
             Slain by a black bear (8 damage)
             ... on level 5 of the Dungeon.
             The game lasted 00:15:27 (6205 turns).

Drevant2 the Covert (Vampire Brigand)               Turns: 6205, Time: 00:15:27

Health: -1/49      AC:  3    Str: 10    XL:     7   Next: 62%
Magic:  7/7        EV: 12    Int: 13    God:    Okawaru [*.....]
Gold:   219        SH:  5    Dex: 18    Spells: 4/6 levels left

rFire   . . .      SeeInvis +   j - +1 dagger (freeze)
rCold   . . .      Faith    .   (no shield)
rNeg    . . .      Spirit   .   b - +0 robe
rPois   .          Reflect  +   (no helmet)
rElec   .          Harm     .   c - +0 cloak
rCorr   .          Rampage  .   (no gloves)
Will    .....                   (no boots)
Stlth   ++++......              q - amulet of reflection
HPRegen 0.36/turn               (no ring)
MPRegen 0.10/turn               (no ring)

@: healing quickly
A: alive, fangs 3, see invisible, vampiric 2
a: Exsanguinate, Renounce Religion, Heroism


You were on level 5 of the Dungeon.
You worshipped Okawaru.
Okawaru was aware of your devotion.
You visited 2 branches of the dungeon, and saw 7 of its levels.
You also visited: Sewer.

You collected 257 gold pieces.
You spent 38 gold pieces at shops.

Inventory:

Hand Weapons
 a - a +2 dagger
 j - a +1 dagger of freezing (weapon)
 v - a +1 short sword of venom
Missiles
 d - 30 poisoned darts (quivered)
 e - 2 curare-tipped darts
 h - 3 datura-tipped darts
Armour
 b - a +0 robe (worn)
 c - a +0 cloak (worn)
Jewellery
 q - an amulet of reflection (around neck)
Wands
 p - a wand of polymorph (6)
 s - a wand of digging (15)
Scrolls
 f - 6 scrolls of identify
 g - 2 scrolls of fog {unknown}
 i - 3 scrolls of immolation {unknown}
 k - 3 scrolls of teleportation
 l - a scroll of silence {unknown}
 m - a scroll of amnesia {unknown}
 n - 2 scrolls of fear {unknown}
 r - a scroll of blinking {unknown}
 u - a scroll of summoning {unknown}
 w - a scroll of enchant weapon {unknown}
Potions
 o - a potion of lignification {unknown}
 t - a potion of attraction {unknown}
 x - a potion of curing {unknown}


   Skills:
 - Level 1.7 Fighting
 * Level 8.0 Short Blades
 - Level 1.5 Throwing
 - Level 1.1 Dodging
 + Level 9.6 Stealth


You had 4 spell levels left.
You knew the following spells:

 Your Spells              Type           Power      Damage    Failure   Level
a - Ensorcelled Hibernat  Hex/Ice        0%         N/A       43%         2

Your spell library contained the following spells:

 Spells                   Type           Power      Damage    Failure   Level
 Magic Dart               Conj           0%         1d3       30%         1
 Shock                    Conj/Air       0%         1d3       30%         1
 Searing Ray              Conj           0%         2d4       43%         2
 Swiftness                Air            0%         N/A       67%         3
 Airstrike                Air            0%         N/A       97%         4
 Fulminant Prism          Conj/Hex       0%         3d6       97%         4
 Passage of Golubria      Tloc           N/A        N/A       97%         4
 Yara's Violent Unravell  Hex/Tmut       0%         3d3       100%        5
 Tukima's Dance           Hex            Unusable   N/A       N/A         3

Dungeon Overview and Level Annotations

Branches:
Dungeon (6/15)             Temple (1/1) D:4           Sewer (visited)

Altars:
Ashenzari
Cheibriados
Dithmenos
Elyvilon
Gozag
Hepliaklqana
Kikubaaqudgha
Okawaru
Qazlal
Sif Muna
Trog
Vehumet
Wu Jian
Xom
Yredelemnul
The Shining One

Shops:
D:1 *

Annotations:
D:5 Edmund


Innate Abilities, Weirdness & Mutations

Your natural rate of healing is accelerated.
You have razor-sharp teeth.
You have supernaturally acute eyesight. (SInv)
You are afflicted with vampirism and can become a bat while bloodless.


Message History

A yak comes into view.
A yak is nearby!
HP restored.
The black bear growls angrily.
You block the black bear's attack. The black bear claws you.
The black bear claws you but does no damage.
You hit the black bear. You freeze the black bear.
The black bear is lightly wounded.
The black bear misses you. The black bear barely misses you.
The black bear claws you but does no damage.
You hit the black bear. You freeze the black bear.
The black bear is moderately wounded.
You closely miss the black bear. You bite the black bear.
The black bear is heavily wounded.
The black bear bites you. The black bear claws you. x2
The black bear growls angrily.
You hit the black bear but do no damage.
The black bear is heavily wounded.
The black bear bites you. The black bear claws you. x2
You hit the black bear. You freeze the black bear.
The black bear is heavily wounded.
You hit the black bear. You freeze the black bear.
The black bear is severely wounded.
The black bear bites you. You block the black bear's attack.
The black bear claws you but does no damage.
The orc priest shouts!
You hit the black bear. You freeze the black bear.
The black bear is almost dead.
The orc priest mumbles some strange prayers to Beogh against you.
Beogh smites you!
The black bear goes berserk!
You hear an angry growl.
The black bear bites you. The black bear barely misses you. x2
The black bear bites you!
* * * LOW HITPOINT WARNING * * *
The black bear claws you.
* * * LOW HITPOINT WARNING * * *
The black bear claws you but does no damage.
The black bear bites you!
You die...

##....# #..h.# .#...)##
##....# .##....##
##....## ..##...)##
##....#.# ######...###
###..(###.#
.....###...####...###...#
####...###.^....###.h.###
###...########...###
###........@h###
############


You could see 2 black bears.

Vanquished Creatures
  Menkaure (D:5)
  Purgy (Sewer)
  A kobold brigand (D:6)
  A scorpion (D:5)
  A water moccasin zombie (D:5)
  A howler monkey (D:5)
  A bullfrog zombie (D:5)
  A jelly (D:4)
  3 hounds
  Ijyb (D:3)
  2 iguanas (D:5)
  A hound skeleton (D:4)
  A gnoll (D:5)
  4 adders
  3 worms
  2 dart slugs
  10 orcs
  9 ball pythons
  3 bats
  13 endoplasms
  8 giant cockroaches
  5 goblins
  4 hobgoblins
  7 jackals
  16 kobolds
  A quokka (D:5)
  A frilled lizard (D:1)
  A quokka skeleton (D:4)
  4 rats
107 creatures vanquished.

Notes
Turn   | Place    | Note
-------+----------+-------------------------------------------
     0 | D:1      | Drevant2 the Vampire Brigand began the quest for the Orb.
     0 | D:1      | Reached XP level 1. HP: 16/16 MP: 1/1
   140 | D:1      | Reached skill level 6 in Stealth
   148 | D:1      | Reached XP level 2. HP: 20/22 MP: 2/2
   436 | D:1      | Found a faded altar of an unknown god.
   532 | D:1      | Gained mutation: You are afflicted with vampirism and can
                  | become a bat while bloodless. [Vampire growth]
   532 | D:1      | Reached XP level 3. HP: 16/27 MP: 3/3
   734 | D:1      | Found Pinew's Assorted Antiques.
   746 | D:1      | Bought a scroll labelled IMMOIXA MEIMUAFF for 19 gold
                  | pieces
   746 | D:1      | Bought a scroll labelled BIMUMMANEB for 19 gold pieces
  1721 | D:3      | Reached XP level 4. HP: 29/33 MP: 4/4
  1867 | D:3      | Noticed Sigmund
  2025 | D:3      | Noticed Ijyb
  2041 | D:3      | Killed Ijyb
  2042 | D:3      | Reached skill level 7 in Stealth
  3002 | D:4      | Found a staircase to the Ecumenical Temple.
  3021 | Temple   | Entered the Ecumenical Temple
  3197 | Temple   | Learned a level 2 spell: Ensorcelled Hibernation
  3326 | Temple   | Became a worshipper of Warmaster Okawaru
  3508 | D:4      | Reached skill level 5 in Short Blades
  3508 | D:4      | Reached XP level 5. HP: 34/38 MP: 5/5
  4315 | D:5      | Entered Level 5 of the Dungeon
  4491 | D:5      | Noticed Edmund
  4625 | D:5      | Noticed a black bear
  4671 | D:5      | Reached skill level 8 in Stealth
  4671 | D:5      | Reached XP level 6. HP: 33/44 MP: 6/6
  4712 | D:5      | Found a glowing drain.
  4747 | D:5      | Reached * piety under Okawaru
  4800 | Sewer    | Entered a sewer
  4880 | Sewer    | Noticed Purgy
  4894 | Sewer    | Killed Purgy
  5181 | D:5      | Noticed Menkaure
  5199 | D:5      | Killed Menkaure
  5200 | D:5      | Reached skill level 9 in Stealth
  5200 | D:5      | Reached XP level 7. HP: 24/49 MP: 7/7
  6065 | D:5      | Noticed a yak
  6205 | D:5      | Slain by a black bear

Illustrated notes

Levels and vault maps discovered:
D:1:      lightli_arrival_farm, layout_basic, ebering_ecumenical_altar_rust,
          serial_shops, shop
D:2:      layout_rooms, grunt_ministairs_8, mrwooster_statue_mirror,
          small_statue_intersection
D:3:      layout_loops_ring, nicolae_overflow_hidden_temple, uniq_ijyb,
          uniq_sigmund
D:4:      layout_basic, minmay_temple_entry_nine_rooms
D:5:      layout_loops_ring, cheibrodos_sewer_entry_drain, nzn_random_ring,
          uniq_edmund, uniq_menkaure
D:6:      kennysheep_six_static_rooms, layout_loops_ring,
          mainiacjoe_overflow_chevrons, zin_statuary
Temple:   eino_temple_rhombus

Skill      XL: |  1  2  3  4  5  6  7 |
---------------+----------------------+-----
Stealth        | 6 7 8 9 |  9.6
Short Blades   | 3 4 5 7 8 |  8.0
Fighting       | |  1.7
Throwing       | |  1.5
Dodging        | |  1.1

Action                   |  1- 3 |  4- 6 |  7- 9 || total
-------------------------+-------+-------+-------++-------
Melee: Dagger            |   124 |   215 |   100 ||   439
       Bite              |    12 |    25 |    14 ||    51
  Use: Potion            |       |     4 |       ||     4
       Scroll            |       |     3 |     1 ||     4
 Stab: Sleeping          |    16 |    11 |     3 ||    30
       Distracted        |       |     1 |       ||     1
Armor: Robe              |    12 |    24 |     8 ||    44
Dodge: Dodged            |    44 |    79 |    30 ||   153
Block: Other             |       |    19 |    15 ||    34
       Reflection        |       |       |     2 ||     2

Table legend: (Time is in decaauts)
 A = Elapsed time spent in this place.
 B = Non-inter-level travel time spent in this place.
 C = Inter-level travel time spent in this place.
 D = Time resting spent in this place.
 E = Time spent auto-exploring this place.
 F = Levels seen in this place.
 G = Mean time per level.
                   A        B        C        D        E       F      G
               +--------+--------+--------+--------+--------+-----+--------+
         Total |   6118 |   4914 |   1204 |   1144 |   2625 |   8 |  764.8 |
       Dungeon |   5561 |   4494 |   1067 |   1075 |   2406 |   6 |  926.8 |
        Temple |    318 |    181 |    137 |      0 |    161 |   1 |  318.0 |
         Sewer |    238 |    238 |      0 |     69 |     57 |   1 |  238.0 |
               +--------+--------+--------+--------+--------+-----+--------+

Top non-repeatable levels by time:
     D:4: 1479 daAuts
     D:5: 1288 daAuts
     D:1: 950 daAuts
     D:3: 907 daAuts
     D:2: 738 daAuts
  Temple: 318 daAuts
   Sewer: 238 daAuts
     D:6: 197 daAuts
